 Dungeon Crawl Stone Soup version 0.26-a0-597-gb535b0901c (webtiles) character file.

Game seed: 18063396478764407422

(classic levelgen) 55 EnegeticOcto the Covered (level 3, -7/34 HPs)
             Began as a Deep Dwarf Fighter on Sept 9, 2020.
             Killed from afar by Ijyb (9 damage)
             ... with a bolt of acid
             ... on level 3 of the Dungeon.
             The game lasted 00:00:27 (328 turns).

EnegeticOcto the Covered (Deep Dwarf Fighter)        Turns: 328, Time: 00:00:28

Health: -7/34      AC:  4    Str: 20    XL:     3   Next: 67%
Magic:  3/3        EV:  7    Int:  8    God:
Gold:   75         SH:  9    Dex: 12    Spells: 2/2 levels left

rFire    . . .     SeeInvis .   a - +0 war axe
rCold    . . .     Faith    .   c - +0 kite shield
rNeg     . . .     Spirit   .   b - +0 scale mail
rPois    .         Reflect  .   f - +0 helmet
rElec    .         Harm     .   (no cloak)
rCorr    .                      (no gloves)
MR       .....                  (no boots)
Stlth    ..........             (no amulet)
HPRegen  0.00/turn              (no ring)
MPRegen  0.08/turn              (no ring)

@: corroded, non-regenerating
A: damage resistance, heal wounds, sense surroundings 1, no regeneration
a: Heal Wounds


You were on level 3 of the Dungeon.
You visited 1 branch of the dungeon, and saw 3 of its levels.

You collected 75 gold pieces.

Inventory:

Hand Weapons
 a - a +0 war axe (weapon)
Missiles
 h - a throwing net (quivered)
Armour
 b - a +0 scale mail (worn)
 c - a +0 kite shield (worn)
 f - a +0 helmet (worn)
Scrolls
 i - a scroll of remove curse {unknown}
Potions
 d - a potion of might {@q3}
 e - 2 potions of stabbing {unknown}
 g - 2 potions of curing {unknown}


   Skills:
 + Level 3.0 Fighting
 * Level 3.3 Axes
 + Level 3.7 Armour
 + Level 3.7 Shields


You had 2 spell levels left.
You didn't know any spells.
Your spell library was empty.

Dungeon Overview and Level Annotations

Branches:
Dungeon (3/15)

Altars:
Kikubaaqudgha
Nemelex Xobeh
Okawaru

Annotations:
D:3 Ijyb


Innate Abilities, Weirdness & Mutations

You are resistant to damage.
You can heal yourself by infusing magical energy.
You passively map a small area around you.
You do not regenerate.


Message History

The goblin hits you but does no damage.
You slash the goblin!
You kill the goblin!
No target in view!
No target in view!
No target in view!
No target in view!
No target in view!
No target in view!
No target in view!
No target in view!
No target in view!
You see here a +0 dagger.
Found 20 arrows.
You now have 51 gold pieces (gained 15).
You now have 64 gold pieces (gained 13).
You now have 75 gold pieces (gained 11).
You open the door.
A bat comes into view.
You block the bat's attack.
There is an open door here.
You block the bat's attack. The bat hits you but does no damage.
The bat hits you but does no damage.
You closely miss the bat. You block the bat's attack.
The bat hits you but does no damage. x2
The bat hits you but does no damage.
You closely miss the bat. You block the bat's attack.
You hit the bat.
You kill the bat!
No target in view!
No target in view!
No target in view!
No target in view!
No target in view!
Ijyb the Twisted Goblin comes into view.
She is wielding a +0 dagger and carrying a wand of acid (10).
Ijyb shouts!
Ijyb is nearby!
Ijyb is nearby!
Ijyb zaps a wand.
The bolt of acid hits you!! The acid corrodes you!
You are splashed with acid!
* * * LOW HITPOINT WARNING * * *
You are too injured to fight recklessly!
You are too injured to fight recklessly!
You are too injured to fight recklessly!
You are too injured to fight recklessly!
You are too injured to fight recklessly!
You are too injured to fight recklessly!
You are too injured to fight recklessly!
You are too injured to fight recklessly!
You are too injured to fight recklessly!
You are too injured to fight recklessly!
You are too injured to fight recklessly!
You are too injured to fight recklessly!
You are too injured to fight recklessly!
You are too injured to fight recklessly!
You are too injured to fight recklessly!
You feel much better.
Ijyb screams, "Me very upset!"
You block Ijyb's attack.
You hit Ijyb but do no damage. Ijyb hits you but does no damage.
Ijyb zaps a wand.
The bolt of acid misses you.
You barely miss Ijyb. Ijyb barely misses you.
You barely miss Ijyb. Ijyb hits you but does no damage.
You hit Ijyb.
Ijyb is moderately wounded.
You block Ijyb's attack. Ijyb closely misses you.
You barely miss Ijyb.
Ijyb is moderately wounded.
You hear the slow rusting of a very distant drain.
Ijyb zaps a wand.
The bolt of acid hits you!
* * * LOW HITPOINT WARNING * * *
You are splashed with acid!
* * * LOW HITPOINT WARNING * * *
You are too injured to fight recklessly!
You are too injured to fight recklessly!
You are too injured to fight recklessly!
You are too injured to fight recklessly!
You are too injured to fight recklessly!
You are too injured to fight recklessly!
You are too injured to fight recklessly!
You are too injured to fight recklessly!
You are too injured to fight recklessly!
You are too injured to fight recklessly!
You are too injured to fight recklessly!
You are too injured to fight recklessly!
You are too injured to fight recklessly!
You are too injured to fight recklessly!
You are too injured to fight recklessly!
You are too injured to fight recklessly!
You are too injured to fight recklessly!
You are too injured to fight recklessly!
You are too injured to fight recklessly!
You are too injured to fight recklessly!
You are too injured to fight recklessly!
You are too injured to fight recklessly!
You are too injured to fight recklessly!
You are too injured to fight recklessly!
You fail to use your ability.
Ijyb zaps a wand.
The bolt of acid hits you!
You die...

........####...#.####.#
,
........'..............
, ,
........###........# ,
,, .......##
#.#†##.#.#* *, ,
#.....## #.####.#
##...## #.##...# *,
##+## #.##.###,# ,
#.##.###.# * #.....@g.#
* ####.##### , ...# ,
##### , * , , , , * ,


You could see Ijyb.

Vanquished Creatures
  3 gnolls (D:2)
  An adder (D:2)
  A leopard gecko (D:1)
  2 giant cockroaches
  A goblin (D:3)
  A hobgoblin (D:2)
  3 bats
  A frilled lizard (D:2)
  2 kobolds (D:1)
  2 rats (D:1)
17 creatures vanquished.

Notes
Turn   | Place    | Note
-------+----------+-------------------------------------------
     0 | D:1      | EnegeticOcto the Deep Dwarf Fighter began the quest for the
                  | Orb.
     0 | D:1      | Reached XP level 1. HP: 20/20 MP: 1/1
   161 | D:1      | Reached XP level 2. HP: 21/27 MP: 2/2
   189 | D:2      | Reached XP level 3. HP: 31/33 MP: 3/3
   259 | D:2      | Found a sparkling altar of Nemelex Xobeh.
   259 | D:2      | Found an ancient bone altar of Kikubaaqudgha.
   259 | D:2      | Found an iron altar of Okawaru.
   320 | D:3      | Noticed Ijyb
   328 | D:3      | Killed from afar by Ijyb

Illustrated notes

Levels and vault maps discovered:
D:1:      minmay_arrival_cross, layout_loops_ring
D:2:      layout_basic, gammafunk_temple_overflow_forgotten, vehumet_crystals,
          roderic_malta_cross, uniq_natasha, uniq_crazy_yiuf_cottage
D:3:      layout_loops_corners, portal_sewer_entry_b, uniq_robin, uniq_ijyb,
          uniq_jessica

Skill      XL: |  1  2  3 |
---------------+----------+-----
Axes           | 3 |  3.3
Fighting       | 3 |  3.0
Armour         | |  3.7
Shields        | |  3.7

Action                   || total
-------------------------++-------
Melee: War axe           ||    51
 Abil: Heal Wounds       ||     2
Armor: Scale mail        ||    35
Dodge: Dodged            ||    17
Block: Kite shield       ||    37

Table legend: (Time is in decaauts)
 A = Elapsed time spent in this place.
 B = Non-inter-level travel time spent in this place.
 C = Inter-level travel time spent in this place.
 D = Time resting spent in this place.
 E = Time spent auto-exploring this place.
 F = Levels seen in this place.
 G = Mean time per level.
                   A        B        C        D        E       F      G
               +--------+--------+--------+--------+--------+-----+--------+
         Total |    350 |    315 |     35 |      0 |    176 |   3 |  116.7 |
       Dungeon |    350 |    315 |     35 |      0 |    176 |   3 |  116.7 |
               +--------+--------+--------+--------+--------+-----+--------+

Top non-repeatable levels by time:
     D:1: 185 daAuts
     D:2: 112 daAuts
     D:3: 51 daAuts
